 Dungeon Crawl Stone Soup version 0.24-a0-779-g36f0aeb843 (webtiles) character file.

Game seed: 13505163820418430156, levelgen mode: deterministic

113 Amen the Skirmisher (level 4, -1/30 HPs)
             Began as a Gargoyle Fighter on Oct 8, 2019.
             Slain by an adder (2 damage)
             ... on level 2 of the Dungeon.
             The game lasted 00:02:27 (1772 turns).

Amen the Skirmisher (Gargoyle Fighter)              Turns: 1772, Time: 00:02:28

Health: -1/30      AC: 13    Str: 20    XL:     4   Next: 96%
Magic:  4/4        EV:  7    Int:  9    God:
Gold:   88         SH:  9    Dex:  9    Spells: 3/3 levels left

rFire    . . .     SeeInvis .   a - +0 flail
rCold    . . .     Gourm    .   c - +0 shield
rNeg     + . .     Faith    .   b - +0 scale mail
rPois    ∞         Spirit   .   g - +2 helmet
rElec    +         Reflect  .   (no cloak)
rCorr    .         Harm     .   (no gloves)
MR       .....                  (no boots)
Stlth    ..........             (no amulet)
HPRegen  0.10/turn              (no ring)
MPRegen  0.09/turn              (no ring)

@: no status effects
A: negative energy resistance 1, electricity resistance, unbreathing,
petrification resistance, rot immunity, AC +3
a: no special abilities


You were on level 2 of the Dungeon.
You were not hungry.

You visited 1 branch of the dungeon, and saw 3 of its levels.

You collected 88 gold pieces.

Inventory:

Hand Weapons
 a - a +0 flail (weapon)
Armour
 b - a +0 scale mail (worn)
 c - a +0 shield (worn)
 g - a +2 helmet (worn)
Scrolls
 i - 2 scrolls of identify {unknown}
 j - 2 scrolls of teleportation {unknown}
 l - a scroll of blinking {unknown}
 p - a scroll of remove curse {unknown}
Potions
 d - a potion of might
 h - a potion of brilliance {unknown}
 k - a potion of lignification {unknown}
 m - 3 potions of curing {unknown}
 n - a potion of agility {unknown}
Comestibles
 f - a ration


   Skills:
 + Level 4.4 Fighting
 * Level 3.9 Maces & Flails
 - Level 3.4 Armour
 - Level 3.4 Shields


You had 3 spell levels left.
You didn't know any spells.
Your spell library was empty.

Dungeon Overview and Level Annotations

Branches:
Dungeon (3/15)

Altars:
Hepliaklqana
Sif Muna
Trog
Wu Jian
Xom
Zin


Innate Abilities, Weirdness & Mutations

You are resistant to torment.
Your stone body is resilient. (AC +3)
You are immune to poison.
You resist negative energy. (rN+)
You are resistant to electric shocks. (rElec)
You can survive without breathing.
You are immune to petrification.
You are immune to rotting.


Message History

The goblin is moderately wounded.
You block the goblin's attack. You block the adder's attack.
The orc barely misses you. The orc hits you but does no damage.
The goblin hits you but does no damage.
You completely miss the goblin. The adder bites you.
* * * LOW HITPOINT WARNING * * *
You block the goblin's attack. The orc hits you but does no damage.
The orc hits you with a +0 flail.
* * * LOW HITPOINT WARNING * * *
The goblin hits you but does no damage. The adder bites you but does no damage.
You barely miss the goblin. You block the goblin's attack.
The adder bites you but does no damage. The orc hits you but does no damage. x2
The goblin hits you but does no damage. x2
You closely miss the goblin. The adder bites you but does no damage.
The goblin barely misses you. You block the orc's attack. x2
The adder bites you.
* * * LOW HITPOINT WARNING * * *
The goblin hits you but does no damage. The goblin closely misses you.
You completely miss the goblin. The adder bites you.
You die...

....>.......#####...........#..#.
...........## ##.................
..........## #...............#..
########### #...............#..
#...............##.
#..................
#.......<..........
#Sog.....).........
##########@o...........###.
#######.#....####g..........## ##
...##..#..)..)######.#..##### #
...).####..))..##.......# )..###
##)....#..####..# #### #####....#
#..# #.....# #..# #..#### #..#
####.## ####


You could see an adder, 2 orcs and 2 goblins.

Vanquished Creatures
  Crazy Yiuf (D:2)
  An adder (D:2)
  An ooze (D:1)
  3 worms (D:2)
  A dart slug (D:1)
  A leopard gecko (D:1)
  5 bats
  3 giant cockroaches
  9 goblins
  5 hobgoblins (D:1)
  11 jackals
  3 frilled lizards
  7 kobolds
  8 rats
59 creatures vanquished.

Notes
Turn   | Place    | Note
-------+----------+-------------------------------------------
     0 | D:1      | Amen the Gargoyle Fighter began the quest for the Orb.
     0 | D:1      | Reached XP level 1. HP: 14/14 MP: 1/1
   103 | D:1      | Reached XP level 2. HP: 19/19 MP: 2/2
   389 | D:1      | Reached XP level 3. HP: 24/24 MP: 3/3
   544 | D:1      | Reached skill level 4 in Fighting
   883 | D:2      | Reached XP level 4. HP: 28/29 MP: 4/4
   919 | D:2      | Found an ornate altar of the Wu Jian Council.
   987 | D:2      | Found a hazy altar of Hepliaklqana.
  1074 | D:2      | Found a bloodstained altar of Trog.
  1138 | D:2      | Noticed an angel
  1142 | D:2      | Found a shimmering altar of Xom.
  1143 | D:2      | Found a glowing silver altar of Zin.
  1219 | D:2      | Found a shimmering blue altar of Sif Muna.
  1302 | D:2      | Found a runed translucent door.
  1303 | D:2      | Noticed Crazy Yiuf
  1431 | D:2      | Killed Crazy Yiuf
  1771 | D:2      | HP: 1/30 [adder (3)]
  1772 | D:2      | Slain by an adder

Levels and vault maps discovered:
D:1:      lightli_arrival_chessboard, layout_loops_corners, minmay_octomino_c4
D:2:      layout_rooms, grunt_temple_overflow_order_and_chaos_1,
          nicolae_overflow_crystal_walls, lemuel_round_altar,
          old_standard_altar, lemuel_blue_sif_altar, uniq_crazy_yiuf_cottage
D:3:      layout_rooms, lemuel_zombie_altar_yredelemnul, lemuel_crystal_altar,
          chequers_ecumenical_altar_island, first_ration, uniq_ijyb

Skill      XL: |  1  2  3 |
---------------+----------+-----
Fighting       | 4 |  4.4
Maces & Flails | 3 |  3.9
Armour         | |  3.4
Shields        | |  3.4

Action                   |  1- 3 |  4- 6 || total
-------------------------+-------+-------++-------
Melee: Flail             |   142 |    84 ||   226
  Use: Scroll            |       |     1 ||     1
  Eat: Ration            |       |     1 ||     1
       Chunk             |       |     1 ||     1
Armor: Scale mail        |   121 |    74 ||   195
Dodge: Dodged            |    56 |    39 ||    95
Block: Shield            |   111 |    54 ||   165

Table legend:
 A = Non-vault XP
 B = Vault XP
 C = Vault XP percentage of total XP
 D = Non-vault monster count
 E = Vault monster count
 F = Vault count percentage of total count
                 A         B        C        D         E       F
            +---------+---------+-------+---------+---------+-------
      Total |     105 |      57 |  35.2 |      50 |       9 |  15.3
            +---------+---------+-------+---------+---------+-------
        D:1 |      52 |      18 |  25.7 |      30 |       8 |  21.1
        D:2 |      53 |      39 |  42.4 |      20 |       1 |   4.8
            +---------+---------+-------+---------+---------+-------
